 Dungeon Crawl Stone Soup version 0.32-a0-814-g0968bab981 (webtiles) character file.

Game seed: 1267002641396816155

49 Dittersdorf the Shield-Bearer (level 3, -3/24 HPs)
             Began as a Gargoyle Fighter on Mar 22, 2024.
             Killed from afar by an orc wizard (8 damage)
             ... with a puff of flame
             ... on level 3 of the Dungeon.
             The game lasted 00:02:12 (1518 turns).

Dittersdorf the Shield-Bearer (Gargoyle Fighter)    Turns: 1518, Time: 00:02:13

Health: -3/24      AC: 12    Str: 21    XL:     3   Next: 75%
Magic:  3/3        EV:  6    Int:  8    God:
Gold:   130        SH:  0    Dex:  9    Spells: 2/2 levels left

rFire   . . .        a - +0 flail
rCold   . . .        c - +0 buckler
rNeg    + . .        f - +0 chain mail
rPois   ∞            (no helmet)
rElec   +            (no cloak)
rCorr   .            (no gloves)
SInv    .            (no boots)
Will    .....        (no amulet) Stlth
                     (no ring)
HPRegen 0.24/turn    (no ring)
MPRegen 0.08/turn

%: no passive effects
@: confused
A: sickness immunity, AC +3, negative energy resistance 1, electricity
resistance, torment resistance 1, petrification resistance
a: no special abilities


You were on level 3 of the Dungeon.
You visited 1 branch of the dungeon, and saw 3 of its levels.

You collected 130 gold pieces.

Inventory:

Hand Weapons
 a - a +0 flail (weapon)
Armour
 c - a +0 buckler (worn)
 f - a +0 chain mail (worn)
Scrolls
 b - a scroll of vulnerability {unknown}
 l - 4 scrolls of blinking
Potions
 d - a potion of might
 e - a potion of magic {unknown}
 g - a potion of berserk rage {unknown}
 h - 2 potions of enlightenment {unknown}
 i - a potion of brilliance {unknown}
 j - a potion of heal wounds {unknown}
 m - a potion of curing


   Skills:
 + Level 3.8 Fighting
 + Level 2.5 Maces & Flails
 + Level 3.8 Armour
 + Level 3.8 Shields


You had 2 spell levels left.
You didn't know any spells.
Your spell library contained the following spells:

 Spells                   Type           Power      Damage    Failure   Level
 Freeze                   Ice            0%         1d3       98%         1
 Frozen Ramparts          Ice            0%         1d1       100%        3
 Hailstorm                Conj/Ice       0%         3d5       100%        3


Dungeon Overview and Level Annotations

Branches:
Dungeon (3/15)

Altars:

Portals:
Sewer: D:3


Innate Abilities, Weirdness & Mutations

You are immune to sickness and miasma.
Your stone body is resilient. (AC +3)
You are immune to poison.
You resist negative energy. (rN+)
You are resistant to electric shocks. (rElec)
You are resistant to unholy torment.
You are immune to petrification.


Message History

The orc barely misses you.
You miss the orc wizard.
The orc wizard is lightly wounded.
The orc wizard mumbles some strange words.
The orc wizard flickers and vanishes!
Deactivating autopickup; reactivate with Ctrl-A.
The orc hits you but does no damage.
You barely miss something. Something hits you but does no damage.
The orc hits you but does no damage. Something hits you.
* * * LOW HITPOINT WARNING * * *
The orc hits you but does no damage.
You closely miss something.
You feel less confused.
You hear some strange, mumbled words.
A puff of flame appears from out of thin air!
The puff of flame hits you.
* * * LOW HITPOINT WARNING * * *
The orc barely misses you.
You sock the orc!
You kill the orc!
Something hits you but does no damage. Something hits you but does no damage.
Things that are here:
a +0 club; a +0 leather armour; an orc corpse You closely miss something.
Something hits you but does no damage.
You sock something!
Something hits you but does no damage. x2
You hit something but do no damage. Something hits you but does no damage.
You miss something. Something hits you but does no damage.
You closely miss something. Something hits you.
* * * LOW HITPOINT WARNING * * *
You block something's attack.
You barely miss something. Something hits you but does no damage.
You miss something.
You hear some strange, mumbled words.
You are confused.
Something hits you but does no damage.
You hear some strange, mumbled words.
A puff of flame appears from out of thin air!
The puff of flame hits you!
You die...

..............##.##.##
.......##.#.####$#*,*
.......##.#.# #.#*,*
.......##.#.# ##.##+####
o.o....##.#.###........#
.......##.#.#..........#
#+####.##.#...##..)....#
#..............+.{.....#
#.####.##..#####@......#
#.# #.##....# #.......#
#†####.##....# #.......#
.......##....# #.......#
#.######!....# #.......#
#.# *..#### #.......#
#.# *,.# ######### #.#
*,,* #.# ****,,*


There were no monsters in sight!

Vanquished Creatures
  A dart slug (D:2)
  A ribbon worm (D:2)
  5 orcs (D:3)
  3 bats
  4 endoplasms
  2 giant cockroaches (D:2)
  2 goblins (D:1)
  3 hobgoblins
  2 quokkas
  4 ball pythons
  2 frilled lizards
  4 kobolds
  4 rats
37 creatures vanquished.

Notes
Turn   | Place    | Note
-------+----------+-------------------------------------------
     0 | D:1      | Dittersdorf the Gargoyle Fighter began the quest for the
                  | Orb.
     0 | D:1      | Reached XP level 1. HP: 14/14 MP: 1/1
   209 | D:1      | Reached XP level 2. HP: 19/19 MP: 2/2
   422 | D:1      | Found a faded altar of an unknown god.
  1097 | D:2      | Reached XP level 3. HP: 22/24 MP: 3/3
  1129 | D:2      | Identified the +3 leather armour of Okawaru's Benevolence
                  | {rPois Str+3 Int+5 Dex-3}
  1447 | D:3      | Found a glowing drain.
  1518 | D:3      | Killed from afar by an orc wizard

Illustrated notes

Levels and vault maps discovered:
D:1:      pf_arrival_petrified_forest, layout_basic, serial_forest,
          infiniplex_forest_3_way, infiniplex_forest_straight_1,
          infiniplex_forest_split, infiniplex_forest_end_3,
          infiniplex_forest_3_way, infiniplex_forest_lined_2,
          infiniplex_forest_clump_tiny, basic_ecumenical_altar
D:2:      layout_rooms
D:3:      layout_basic, portal_sewer_entry_c, minmay_misc_feat_square

Action                     || total
---------------------------++-------
  Melee: Flail             ||   296
    Use: Scroll            ||     5
 Armour: Scale mail        ||    38
         Chain mail        ||    63
         Leather armour    ||     5
  Dodge: Dodged            ||    55
  Block: Buckler           ||    22

Table legend: (Time is in decaauts)
 A = Elapsed time spent in this place.
 B = Non-inter-level travel time spent in this place.
 C = Inter-level travel time spent in this place.
 D = Time resting spent in this place.
 E = Time spent auto-exploring this place.
 F = Levels seen in this place.
 G = Mean time per level.
                   A        B        C        D        E       F      G
               +--------+--------+--------+--------+--------+-----+--------+
         Total |   1613 |   1503 |    110 |      0 |    859 |   3 |  537.7 |
       Dungeon |   1613 |   1503 |    110 |      0 |    859 |   3 |  537.7 |
               +--------+--------+--------+--------+--------+-----+--------+

Top non-repeatable levels by time:
     D:1: 981 daAuts
     D:2: 455 daAuts
     D:3: 176 daAuts
